 Dungeon Crawl Stone Soup version 0.22.0 (webtiles) character file.

201235 inmateoo the Impaler (level 17, -12/138 HPs)
             Began as a Minotaur Fighter on Aug 11, 2018.
             Was the Champion of Hepliaklqana.
             Splashed by a deep elf sorcerer's acid (14 damage)
             ... led by an ironheart preserver
             ... on level 1 of the Vaults.
             The game lasted 00:47:07 (33640 turns).

inmateoo the Impaler (Minotaur Fighter)            Turns: 33640, Time: 00:47:07

Health: -12/138    AC: 28    Str: 26    XL:     17   Next: 90%
Magic:  18/23      EV: 17    Int:  5    God:    Hepliaklqana [******]
Gold:   2109       SH: 15    Dex: 12    Spells: 23/26 levels left

rFire    + + .     SeeInvis .   K - +8 demon trident (flame)
rCold    + . .     Gourm    .   C - +1 shield {AC+3}
rNeg     . . .     Faith    .   v - +7 scale mail of Gluttony {rPois rF+}
rPois    +         Spirit   .   (helmet restricted)
rElec    .         Reflect  .   m - +2 cloak {MR+}
rCorr    .         Harm     .   F - +0 pair of gloves
MR       ++...                  a - +2 pair of boots
Stlth    ..........             i - amulet of rage
HPRegen  0.33/turn              E - ring of protection from cold
MPRegen  0.18/turn              W - ring of protection from fire

@: no status effects
A: retaliatory headbutt, reduced essence, horns 2
}: 1/15 runes: gossamer
a: Recall Ancestor, Ancestor Identity, Transference, Idealise, Renounce
Religion, Evoke Berserk Rage


You were on level 1 of the Vaults.
You worshipped Hepliaklqana.
Hepliaklqana was exalted by your worship.
You were not hungry.

You visited 5 branches of the dungeon, and saw 28 of its levels.
You visited the Abyss 1 time.
You also visited: Ossuary, Bailey and Ice Cave.

You collected 3501 gold pieces.
You spent 1392 gold pieces at shops.

Inventory:

Hand Weapons
 K - a +8 demon trident of flaming (weapon)
Armour
 a - a +2 pair of boots (worn)
 m - a +2 cloak of magic resistance (worn)
 v - the +7 scale mail of Gluttony (worn) {rPois rF+}
   (You found it on level 4 of the Dungeon)

   It protects you from fire.
   It protects you from poison.
 B - the +1 crystal plate armour of Failure {rC+++ rCorr Str+2}
   (You found it in a bailey)

   It affects your strength (+2).
   It renders you almost immune to cold.
   It provides partial protection from all sources of acid and corrosion.
 C - a +1 shield of protection (worn)
 F - a +0 pair of gloves (worn)
Jewellery
 i - an amulet of rage (around neck)
 l - an uncursed ring of protection from cold
 E - a ring of protection from cold (left hand)
 N - an uncursed ring of positive energy
 R - an uncursed ring of wizardry
 U - an uncursed ring of resist corrosion {unknown}
 W - a ring of protection from fire (right hand)
 X - the ring "Vitazaeh" {+Fly rPois}
   (You found it on level 3 of the Spider Nest)

   [ring of flight]

   It protects you from poison.
   It lets you fly.
Wands
 t - a wand of paralysis (38)
 u - a wand of flame (58)
 w - a wand of enslavement (12)
 x - a wand of polymorph (37)
 y - a wand of iceblast (23)
 O - a wand of random effects (56)
 P - a wand of scattershot (11)
 T - a wand of digging (23)
 V - a wand of disintegration (16)
Scrolls
 e - 12 scrolls of identify
 g - 12 scrolls of remove curse
 h - 15 scrolls of teleportation
 j - 2 scrolls of immolation
 n - 6 scrolls of enchant armour
 o - 3 scrolls of magic mapping
 s - 4 scrolls of fog
 D - 5 scrolls of fear
 G - a scroll of brand weapon
 H - 3 scrolls of blinking
 L - 2 scrolls of amnesia
 Q - a scroll of silence
Potions
 b - 10 potions of curing
 c - 6 potions of lignification
 d - 6 potions of might
 k - 5 potions of flight
 p - 6 potions of haste
 q - 10 potions of agility
 r - 7 potions of heal wounds
 z - 3 potions of magic
 A - 4 potions of brilliance
 I - 3 potions of berserk rage
 J - 2 potions of mutation
 M - a potion of cancellation
 S - a potion of resistance
Comestibles
 f - 28 rations


   Skills:
 + Level 14.5 Fighting
 * Level 19.3 Polearms
 + Level 14.7 Armour
 + Level 12.3 Dodging
 + Level 14.5 Shields
 * Level 5.0 Spellcasting
 + Level 5.1 Hexes
 + Level 5.1 Charms
 + Level 9.5 Invocations


You had 23 spell levels left.
You knew the following spells:

 Your Spells              Type           Power        Failure   Level  Hunger
a - Spectral Weapon       Hex/Chrm       #.......     22%         3    ####...

Your spell library contained the following spells:

 Spells                   Type           Power        Failure   Level  Hunger
 Magic Dart               Conj           #...         52%         1    ##.....
 Apportation              Tloc           #.....       52%         1    ##.....
 Conjure Flame            Conj/Fire      #.......     88%         3    ####...
 Bolt of Magma            Conj/Fire/Erth #.........   100%        5    ######.
 Slow                     Hex            #.......     12%         2    ###....
 Throw Frost              Conj/Ice       #.....       67%         2    ###....
 Mephitic Cloud           Conj/Pois/Air  #.......     88%         3    ####...
 Venom Bolt               Conj/Pois      #.........   100%        5    ######.
 Summon Small Mammal      Summ           #...         52%         1    ##.....
 Blink                    Tloc           N/A          67%         2    ###....
 Animate Skeleton         Necr           N/A          52%         1    ##.....
 Freeze                   Ice            #...         52%         1    ##.....
 Summon Ice Beast         Ice/Summ       #.......     99%         4    #####..
 Ozocubu's Armour         Chrm/Ice       #.......     54%         3    ####...
 Call Imp                 Summ           #.......     67%         2    ###....
 Iron Shot                Conj/Erth      #.........   100%        6    #######
 Shock                    Conj/Air       #...         52%         1    ##.....
 Spider Form              Tmut/Pois      #.........   88%         3    ####...
 Blade Hands              Tmut           #.........   100%        5    ######.
 Statue Form              Tmut/Erth      #........    100%        6    #######
 Ice Form                 Ice/Tmut       #.......     99%         4    #####..
 Throw Icicle             Conj/Ice       #.......     99%         4    #####..
 Confusing Touch          Hex            #.....       8%          1    ##.....
 Passwall                 Tmut/Erth      #.......     67%         2    ###....
 Shatter                  Erth           #.........   100%        9    #######
 Static Discharge         Conj/Air       #.......     88%         3    ####...
 Lee's Rapid Deconstruct  Erth           #.........   100%        5    ######.
 Orb of Destruction       Conj           #.........   100%        7    #######
 Tornado                  Air            #.........   100%        9    #######
 Leda's Liquefaction      Hex/Erth       #.........   91%         4    #####..
 Iskenderun's Battlesphe  Conj/Chrm      #.......     99%         5    ######.
 Infusion                 Chrm           #...         8%          1    ##.....
 Song of Slaying          Chrm           #.......     12%         2    ###....
 Spellforged Servitor     Conj/Summ      #.........   100%        7    #######
 Borgnjor's Vile Clutch   Necr/Erth      #.........   100%        5    ######.


Dungeon Overview and Level Annotations

Branches:
Dungeon (15/15)            Temple (0/1) D:6            Lair (6/6) D:8
 Shoals (0/4) Lair:4       Spider (4/4) Lair:2        Slime (0/5) Lair:6
    Orc (2/2) D:10            Elf (0/3) Orc:2        Vaults (1/5) D:14
 Depths (0/5) D:15

Altars:
Ashenzari
Cheibriados
Dithmenos
Fedhas
Gozag
Hepliaklqana
Kikubaaqudgha
Xom
Yredelemnul
Zin
Beogh
Jiyva

Shops:
D:14 :   Orc:2 }*?*

Portals:
Trove: D:15 (show slimy rune of Zot)

Annotations:
D:9 3 runed doors, inmateoo's ghost, novice GrFi
D:11 Nergalle


Innate Abilities, Weirdness & Mutations

You reflexively headbutt those who attack you in melee.
You have a pair of horns on your head.
Your life essence is reduced to manifest your ancestor. (-10% HP)


Message History

The yaktaur captain shoots a bolt.
Evilsys280 blocks the bolt.
Unknown command.
Evilsys280 is recalled.
The deep elf sorcerer gestures at you while chanting.
The sphere of damnation explodes!
The damnation engulfs you!
* * * LOW HITPOINT WARNING * * *
The damnation engulfs your spectral weapon.
Your spectral weapon shares its damage with you!
Your spectral weapon fades away.
* * * LOW HITPOINT WARNING * * *
Unknown command.
You feel much better.
The deep elf sorcerer points at you and mumbles some strange words.
The sphere of damnation explodes!
The damnation engulfs you!
* * * LOW HITPOINT WARNING * * *
The deep elf sorcerer gestures at you while chanting.
The bolt of acid hits you!
* * * LOW HITPOINT WARNING * * *
You are splashed with acid!
The acid burns!
You die...

.........cR..........#
#########'######.....############
#......# #c....#...........
#......# #.....#.#.#.#.#.#.
#......# #.....#..........(
#......# #.....#.#.#.#.#.#.
#......# #e....#...........
#......# #.....#.#.#.#.#.#.
######'####@....#((.........
#......#.R..)'.#.#.#)#.#.
#......#...((#......)....
#......#...)(#.#.#(#[#)#.
#......'....(#.......(.(.
#......#....(###########'
+......+.....# ##.#.
#......#.....# #....
#......+.....# #....


You could see the friendly evilsys280 the knight, a yaktaur captain and a deep
elf sorcerer.

Vanquished Creatures
  Arachne (Spider:4)
  2 frost giants
  5 emperor scorpions
  Louise (D:14)
  A ghost moth (shapeshifter) (D:15)
  4 ghost moths
  An ironheart preserver (Vaults:1)
  7 entropy weavers
  4 spark wasps
  Snorg (Orc:1)
  Erolcha (D:11)
  A rakshasa (D:15)
  3 hydras
  Fannar (D:11)
  2 centaur warriors
  7 two-headed ogres
  Erica (Orc:1)
  A death yak (IceCv)
  An ogre mage (Vaults:1)
  A death knight (D:15)
  Urug (Lair:4)
  Sonja (D:11)
  A deep troll (D:14)
  2 glowing orange brains
  A skeletal warrior (D:15)
  5 unseen horrors
  A phantasmal warrior (D:15)
  A wolf spider zombie (D:15)
  19 orb spiders
  3 orc knights
  18 wolf spiders
  2 orc sorcerers
  2 deep elf magi
  20 ugly things
  9 cyclopes
  A manticore (D:13)
  7 slime creatures
  Maurice (Orc:1)
  6 moths of wrath
  A black mamba (Lair:4)
  4 elephants (Lair:4)
  A vault sentinel (Vaults:1)
  16 spiny frogs
  A torpor snail (Spider:2)
  An ice statue (IceCv)
  A gargoyle (D:11)
  2 rime drakes
  A freezing wraith (D:15)
  4 komodo dragons
  3 yaktaurs
  A kobold demonologist (D:13)
  13 demonic crawlers
  11 trolls
  40 jumping spiders
  A polar bear (shapeshifter) (D:15)
  11 polar bears (IceCv)
  3 tyrant leeches (Lair:6)
  5 dream sheep (Lair:2)
  10 hornets
  16 blink frogs
  A dream sheep (shapeshifter) (D:14)
  7 hippogriffs
  A redback (shapeshifter) (D:15)
  2 wraiths
  88 redbacks
  36 tarantellas
  A wyvern (D:12)
  4 shadows
  3 vampires
  3 basilisks
  47 yaks
  3 hogs (Spider:1)
  A golden eye (shapeshifter) (D:14)
  11 vampire mosquitoes
  A hungry ghost (D:10)
  The ghost of Tiuzop the Vexing, an amateur FoEn (D:15)
  A warg (Orc:1)
  A swamp worm (shapeshifter) (D:14)
  A soldier ant (D:12)
  6 water moccasins
  4 porcupines
  39 orc warriors
  A black bear (D:11)
  2 phantoms
  2 sky beasts
  8 ice beasts
  An eye of draining (D:13)
  16 ogres
  A necrophage (D:10)
  9 centaurs
  5 crocodiles
  27 wolves
  22 bullfrogs
  2 big kobolds
  A wyvern zombie (D:14)
  5 scorpions
  A water moccasin skeleton (D:10)
  15 killer bees
  11 wights
  2 howler monkeys
  3 electric eels
  5 crimson imps
  4 centaur zombies
  8 hounds
  5 jellies
  16 orc wizards
  15 orc priests
  4 centaur skeletons
  A bullfrog skeleton (D:5)
  5 iguanas
  12 worker ants
  A killer bee zombie (D:5)
  A big kobold zombie (Ossuary)
  2 hound zombies
  A hound skeleton (D:5)
  7 mummies
  8 gnolls
  A howler monkey skeleton (D:11)
  9 adders
  3 shadow imps
  3 oozes
  4 adder skeletons
  An adder zombie (D:5)
  3 worms
  4 dart slugs
  3 leopard geckos
  93 orcs
  A ball python (D:5)
  15 bats
  A giant cockroach (D:3)
  13 goblins
  7 hobgoblins
  8 jackals
  5 quokkas
  7 frilled lizards
  A gnoll zombie (Ossuary)
  17 kobolds
  3 kobold zombies (Ossuary)
  4 rats
  4 rat zombies (D:6)
994 creatures vanquished.

Vanquished Creatures (collateral kills)
  An acid blob (Lair:6)
  Roxanne (D:14)
  Kirke (Spider:1)
  2 ghost moths (Spider:4)
  An entropy weaver (Spider:2)
  A yaktaur captain (Vaults:1)
  A vault guard (D:15)
  2 hydras (Lair:6)
  2 two-headed ogres
  An unseen horror (D:13)
  5 orb spiders
  7 wolf spiders
  2 orc sorcerers
  5 ugly things
  An elephant (Lair:4)
  2 spiny frogs (Lair:6)
  A centaur skeleton (D:13)
  A gargoyle (D:11)
  A yaktaur (Vaults:1)
  6 jumping spiders
  A hornet (Spider:4)
  4 polar bears
  3 slime creatures (D:12)
  A blink frog (Lair:6)
  A meliai zombie (D:14)
  2 hippogriffs
  14 redbacks
  4 tarantellas
  A wyvern (D:13)
  8 yaks
  2 basilisks (Lair:6)
  2 vampire mosquitoes (D:12)
  A hungry ghost (D:13)
  3 ice beasts
  A sky beast (D:11)
  6 orc warriors
  5 wolves
  8 centaurs
  An ogre (D:11)
  A phantom (D:8)
  3 bullfrogs
  A gnoll sergeant (D:6)
  2 scorpions
  A wight (D:15)
  2 electric eels (Lair:6)
  3 crimson imps
  A hound (D:14)
  3 orc priests
  7 orc wizards
  An iguana (D:8)
  A worker ant (D:8)
  A big kobold zombie (Ossuary)
  A hound zombie (D:5)
  A hound skeleton (D:5)
  2 mummies (Ossuary)
  3 gnolls
  42 orcs
  A hobgoblin zombie (Ossuary)
  An orc zombie (Ossuary)
  A fungus (Lair:4)
191 creatures vanquished.

Vanquished Creatures (others)
  An unseen horror (Vaults:1)
  A tarantella (Spider:3)
  2 redbacks
  A yak (IceCv)
  A hound (D:11)
  22 knights
  4 ancestors
  An orc (D:12)
  7 fungi
  41 plants
  2 spectral weapons
83 creatures vanquished.

Grand Total: 1268 creatures vanquished

Notes
Turn   | Place    | Note
-------+----------+-------------------------------------------
     0 | D:1      | inmateoo the Minotaur Fighter began the quest for the Orb.
     0 | D:1      | Reached XP level 1. HP: 19/19 MP: 0/0
   161 | D:1      | Reached XP level 2. HP: 27/27 MP: 1/1
   348 | D:1      | Reached skill level 3 in Polearms
   628 | D:1      | Reached XP level 3. HP: 30/33 MP: 2/2
  1157 | D:2      | Found a glowing silver altar of Zin.
  1873 | D:3      | Reached XP level 4. HP: 30/40 MP: 3/3
  1930 | D:3      | Reached skill level 4 in Polearms
  2095 | D:3      | Reached XP level 5. HP: 38/47 MP: 4/4
  2966 | D:4      | Reached skill level 5 in Polearms
  2976 | D:4      | Got a transparent scale mail
  2987 | D:4      | Identified the +7 scale mail of Gluttony {rPois rF+} (You found it on level 4 of the Dungeon)
  3005 | D:4      | Found a basalt altar of Yredelemnul.
  3019 | D:4      | Reached XP level 6. HP: 53/55 MP: 5/5
  3110 | D:4      | Reached skill level 5 in Fighting
  3110 | D:4      | Reached skill level 5 in Armour
  3122 | D:4      | Found a shattered altar of Ashenzari.
  3122 | D:4      | Found a hazy altar of Hepliaklqana.
  3463 | D:4      | Became a worshipper of Hepliaklqana the Forgotten
  3507 | D:5      | Entered Level 5 of the Dungeon
  3514 | D:5      | Reached skill level 5 in Shields
  3579 | D:5      | Reached skill level 6 in Polearms
  3609 | D:5      | Reached XP level 7. HP: 37/54 MP: 6/6
  3852 | D:5      | Reached skill level 7 in Polearms
  3969 | D:6      | Reached XP level 8. HP: 47/63 MP: 7/7
  4081 | D:6      | Reached skill level 8 in Polearms
  4176 | D:6      | Found a shadowy altar of Dithmenos.
  4283 | D:6      | Found an ancient bone altar of Kikubaaqudgha.
  4357 | D:6      | Reached skill level 1 in Dodging
  4423 | D:6      | Found a staircase to the Ecumenical Temple.
  4434 | D:6      | Reached skill level 9 in Polearms
  4587 | D:6      | Reached XP level 9. HP: 71/71 MP: 8/8
  4815 | D:6      | Reached * piety under Hepliaklqana
  5409 | D:7      | Found a sand-covered staircase.
  5419 | Ossuary  | Entered an ossuary
  5841 | D:7      | Reached skill level 10 in Polearms
  6574 | D:8      | Reached XP level 10. HP: 75/79 MP: 9/9
  6577 | D:8      | Found a staircase to the Lair.
  6732 | D:8      | Reached ** piety under Hepliaklqana
  6733 | D:8      | Remembered your ancestor evilsys280 as a knight
  6901 | D:9      | Found a snail-covered altar of Cheibriados.
  6947 | D:9      | Reached skill level 11 in Polearms
  7016 | D:9      | Reached skill level 5 in Dodging
  7161 | D:9      | Found a runed gate.
  7162 | D:9      | Found a runed gate.
  7163 | D:9      | Found a runed gate.
  7165 | D:9      | Noticed inmateoo's ghost (novice GrFi)
  7549 | D:9      | Found a shimmering altar of Xom.
  7659 | D:9      | Found an opulent altar of Gozag.
  7794 | D:10     | Entered Level 10 of the Dungeon
  7850 | D:10     | Reached skill level 12 in Polearms
  8083 | D:10     | Reached XP level 11. HP: 81/87 MP: 10/10
  8217 | D:10     | Noticed a two-headed ogre
  8242 | D:10     | Killed a two-headed ogre
  8447 | D:10     | Found a staircase to the Orcish Mines.
  8538 | D:11     | Noticed a brown ugly thing
  8546 | D:11     | Killed a brown ugly thing
  8696 | D:11     | Reached *** piety under Hepliaklqana
  8734 | D:11     | Noticed Nergalle
  8735 | D:11     | Noticed a spectral orc warlord
  8754 | D:11     | Noticed a two-headed ogre
  8759 | D:11     | Noticed a spectral orc warlord
  8777 | D:11     | Noticed a spectral orc warlord
  8946 | D:11     | Noticed a spectral orc warlord
  9243 | D:11     | Noticed Erolcha
  9243 | D:11     | Paralysed by Erolcha for 4 turns
  9475 | D:11     | Killed Erolcha
  9475 | D:11     | Reached skill level 10 in Armour
  9502 | D:11     | Noticed Sonja
  9512 | D:11     | Killed Sonja
  9512 | D:11     | Reached skill level 10 in Fighting
  9512 | D:11     | Reached skill level 13 in Polearms
  9512 | D:11     | Reached skill level 10 in Shields
  9743 | D:11     | Killed a two-headed ogre
  9959 | D:12     | Noticed Fannar
  9961 | D:12     | Noticed a two-headed ogre
  9995 | D:11     | Killed Fannar
 10058 | D:12     | Killed a two-headed ogre
 10071 | D:12     | Reached XP level 12. HP: 82/96 MP: 11/11
 10442 | D:11     | Reached skill level 1 in Invocations
 10811 | D:12     | Reached skill level 14 in Polearms
 11931 | D:13     | Found a frozen archway.
 12031 | IceCv    | Entered an ice cave
 12465 | IceCv    | Reached XP level 13. HP: 104/104 MP: 14/14
 12501 | IceCv    | Reached skill level 15 in Polearms
 12798 | IceCv    | Noticed a frost giant
 12846 | IceCv    | Killed a frost giant
 13643 | D:13     | Found a runed door.
 13659 | D:13     | Noticed a frost giant
 13855 | D:13     | Reached skill level 5 in Invocations
 13886 | D:13     | Killed a frost giant
 14214 | D:13     | Identified Kuisekus's Disquisition on Contamination and the Birds
 14673 | D:14     | Reached skill level 16 in Polearms
 14770 | D:14     | Found a gate to the Vaults.
 14989 | D:14     | Reached XP level 14. HP: 113/113 MP: 17/17
 15157 | D:14     | Found Faiza's Book Boutique.
 15162 | D:14     | Bought the Almanac of Assistive Transmutation for 460 gold pieces
 15166 | D:14     | Learned a level 3 spell: Spectral Weapon
 15194 | D:14     | Noticed Roxanne
 15349 | D:14     | Noticed Louise
 15370 | D:14     | Cast into level 2 of the Abyss (Louise)
 15370 | Abyss:2  | Found a corrupted altar of Lugonu.
 15375 | D:14     | Escaped the Abyss
 15380 | D:14     | Killed Louise
 15417 | D:14     | Reached **** piety under Hepliaklqana
 15614 | D:14     | Killed Roxanne
 15625 | D:15     | Entered Level 15 of the Dungeon
 15664 | D:15     | Found a portal to a secret trove of treasure.
 15747 | D:15     | Reached skill level 10 in Dodging
 15764 | D:15     | Reached skill level 1 in Spellcasting
 15983 | D:15     | Reached skill level 1 in Hexes
 15983 | D:15     | Reached skill level 1 in Charms
 16753 | D:15     | Killed a ghost moth
 17193 | D:15     | Found a runed door.
 17194 | D:15     | Noticed Tiuzop's ghost (amateur FoEn)
 17343 | D:15     | Killed Tiuzop's ghost
 17514 | D:15     | Found a staircase to the Depths.
 17745 | Orc:1    | Entered Level 1 of the Orcish Mines
 17815 | Orc:2    | Entered Level 2 of the Orcish Mines
 17848 | Orc:2    | Found a staircase to the Elven Halls.
 17879 | Orc:1    | Found a roughly hewn altar of Beogh.
 17879 | Orc:1    | Found a flagged portal.
 17927 | Bailey   | Entered a bailey
 18170 | Bailey   | Got an encrusted crystal plate armour
 18196 | Bailey   | Identified the +1 crystal plate armour of Failure {rC+++ rCorr Str+2} (You found it in a bailey)
 18311 | Orc:1    | Noticed Snorg
 18313 | Orc:1    | Noticed Maurice
 18318 | Orc:1    | Killed Snorg
 18333 | Orc:1    | Killed Maurice
 18543 | Orc:2    | Reached ***** piety under Hepliaklqana
 18627 | Orc:2    | Reached skill level 17 in Polearms
 18633 | Orc:2    | Reached XP level 15. HP: 118/120 MP: 19/19
 18930 | Orc:2    | Found Mone Iss's Assorted Antiques.
 18930 | Orc:2    | Found Ethroczuts's Magic Scroll Boutique.
 18932 | Orc:2    | Found Wejiu's General Store.
 18934 | Orc:2    | Found Minwitoirph's Gadget Emporium.
 18951 | Orc:2    | Bought a scroll of enchant armour for 105 gold pieces
 18954 | Orc:2    | Bought 3 scrolls of enchant armour for 225 gold pieces
 18954 | Orc:2    | Bought a scroll of enchant armour for 75 gold pieces
 18956 | Orc:2    | Bought a potion of agility for 124 gold pieces
 18956 | Orc:2    | Bought a potion of curing for 93 gold pieces
 18956 | Orc:2    | Bought a potion of berserk rage for 155 gold pieces
 18965 | Orc:2    | Bought a scroll of identify for 20 gold pieces
 18965 | Orc:2    | Bought a scroll of blinking for 75 gold pieces
 18965 | Orc:2    | Bought a scroll of identify for 20 gold pieces
 18965 | Orc:2    | Bought a scroll of teleportation for 30 gold pieces
 18965 | Orc:2    | Bought a scroll of noise for 10 gold pieces
 19575 | Orc:1    | Noticed Erica
 19581 | Orc:1    | Killed Erica
 19694 | Lair:1   | Entered Level 1 of the Lair of Beasts
 19965 | Lair:1   | Found a blossoming altar of Fedhas.
 20857 | Lair:2   | Found a hole to the Spider Nest.
 20933 | Lair:2   | Reached ****** piety under Hepliaklqana
 21854 | Lair:4   | Noticed Urug
 21862 | Lair:4   | Killed Urug
 21876 | Lair:4   | Found a staircase to the Shoals.
 23557 | Lair:6   | Entered Level 6 of the Lair of Beasts
 24407 | Lair:6   | Identified the Disquisition on Ashen Cold
 24659 | Lair:6   | Found a runed door.
 24659 | Lair:6   | Noticed an acid blob
 24661 | Lair:6   | Found a viscous altar of Jiyva.
 24663 | Lair:6   | Found a staircase to the Slime Pits.
 24769 | Lair:6   | Killed an acid blob
 25095 | Spider:1 | Entered Level 1 of the Spider Nest
 25354 | Spider:1 | Reached XP level 16. HP: 115/129 MP: 20/20
 26057 | Spider:1 | Noticed Kirke
 26064 | Spider:1 | Killed Kirke
 26113 | Spider:1 | Reached skill level 18 in Polearms
 28126 | Spider:4 | Entered Level 4 of the Spider Nest
 29435 | Spider:3 | Got a transparent glass ring
 29496 | Spider:3 | Identified the ring "Vitazaeh" {+Fly rPois} (You found it on level 3 of the Spider Nest)
 29497 | Spider:3 | Identified the cursed +1 scale mail of the Blue Skies {Int+5} (You found it on level 3 of the Spider Nest)
 29682 | Spider:3 | Reached XP level 17. HP: 99/136 MP: 22/22
 30876 | Spider:4 | Noticed Arachne
 30886 | Spider:4 | Killed Arachne
 32008 | Spider:4 | Reached skill level 19 in Polearms
 32649 | Spider:4 | Reached skill level 5 in Spellcasting
 32738 | Spider:4 | Reached skill level 5 in Hexes
 32745 | Spider:4 | Got a gossamer rune of Zot
 33062 | Vaults:1 | Entered Level 1 of the Vaults
 33101 | Vaults:1 | Reached skill level 5 in Charms
 33557 | Vaults:1 | Found the +3 salamander hide armour {+Rage rF++}
 33639 | Vaults:1 | HP: 3/138 [deep elf sorcerer/damnation[an ironheart preserver] (44)]
 33639 | Vaults:1 | HP: 1/138 [deep elf sorcerer/long sword[an ironheart preserver] (2)]
 33640 | Vaults:1 | Splashed by a deep elf sorcerer's acid

Skill      XL: |  1  2  3  4  5  6  7  8  9 10 11 12 13 14 15 16 17 |
---------------+----------------------------------------------------+-----
Polearms       | 3 4 5 6 7 9 10 12 13 14 16 17 18 19 | 19.3
Armour         | 4 5 6 7 8 9 10 11 12 13 14 | 14.7
Fighting       | 4 5 6 7 8 9 10 11 12 13 14 | 14.5
Shields        | 4 5 6 7 8 9 10 11 12 13 14 | 14.5
Dodging        | 1 4 5 7 8 9 10 11 12 | 12.3
Invocations    | 3 5 6 7 8 9 |  9.5
Spellcasting   | 2 3 4 5 |  5.0
Hexes          | 2 3 4 5 |  5.1
Charms         | 2 3 4 5 |  5.1

Action                   |  1- 3 |  4- 6 |  7- 9 | 10-12 | 13-15 | 16-18 || total
-------------------------+-------+-------+-------+-------+-------+-------++-------
Melee: Trident           |   130 |   169 |   375 |   905 |   439 |       ||  2018
       Headbutt          |    15 |    22 |    68 |   163 |   215 |   137 ||   620
       Demon trident     |       |       |       |       |   968 |   891 ||  1859
 Cast: Spectral Weapon   |       |       |       |       |       |     3 ||     3
Invok: Ancestor Identity |       |     1 |       |       |       |       ||     1
       Recall Ancestor   |       |       |       |     5 |     8 |     8 ||    21
       Ancestor Life: Kn |       |       |       |     1 |       |       ||     1
Evoke: Wand              |       |       |       |     3 |       |       ||     3
  Use: Scroll            |       |       |    19 |    10 |    16 |     5 ||    50
       Potion            |       |       |     1 |       |     6 |     2 ||     9
 Stab: Distracted        |     1 |       |     1 |     4 |    10 |     6 ||    22
       Paralysed         |       |       |       |     3 |       |       ||     3
       Held in net/web   |       |       |       |       |       |     1 ||     1
  Eat: Chunk             |     3 |     6 |     9 |    18 |    15 |     4 ||    55
       Ration            |       |       |       |     1 |    10 |     6 ||    17
Armor: Scale mail        |    37 |    26 |   100 |   106 |   257 |   372 ||   898
       Chain mail        |    13 |    57 |       |       |       |       ||    70
Dodge: Dodged            |    20 |    47 |    78 |   134 |   285 |   341 ||   905
Block: Shield            |    52 |    94 |   168 |   379 |   502 |   485 ||  1680
